 Dungeon Crawl Stone Soup version 0.21-a0-630-g344d3514eb (webtiles) character file.

102 Principatus the Magician (level 4, -1/28 HPs)
             Began as an Octopode Wizard on Dec 26, 2017.
             Killed by divine providence
             ... invoked by an orc priest
              (14 damage)
             ... on level 3 of the Dungeon.
             The game lasted 00:11:44 (3839 turns).

Principatus the Magician (Octopode Wizard)          Turns: 3839, Time: 00:11:44

Health: -1/28      AC:  1    Str:  6    XL:     4   Next: 78%
Magic:  4/9        EV: 13    Int: 21    God:
Gold:   128        SH:  0    Dex: 10    Spells: 2/10 levels left

rFire    . . .     SeeInvis .   o - +1 quarterstaff (protect)
rCold    . . .     Gourm    .   (shield currently unavailable)
rNeg     . . .     Faith    .   g - +0 hat
rPois    .         Spirit   .   (no amulet)
rElec    .         Reflect  .   (no ring)
rCorr    .         Harm     .   (no ring)
MR       .....                  (no ring)
Stlth    +++.......             (no ring)
HPRegen  0.09/turn              (no ring)
MPRegen  0.11/turn              (no ring)
                                (no ring)
                                (no ring)

@: no status effects
A: almost no armour, stealthy swim, amphibious, 8 rings, constrict 8, camouflage
1, gelatinous body 1
a: no special abilities


You were on level 3 of the Dungeon.
You were not hungry.

You visited 1 branch of the dungeon, and saw 3 of its levels.

You collected 128 gold pieces.

Inventory:

Hand Weapons
 a - a +0 spear
 b - a +0 hunting sling
 o - a +1 quarterstaff of protection (weapon)
Missiles
 l - 6 tomahawks (quivered)
 m - 13 sling bullets
 p - 148 stones
Armour
 g - a +0 hat (worn)
Scrolls
 d - a scroll of enchant armour
 e - a scroll of fog
 i - 3 scrolls of teleportation
 j - a scroll of immolation
 k - a scroll of identify
Potions
 h - a potion of curing
Books
 f - a book of Minor Magic

   Spells                             Type                      Level
   a - Magic Dart                     Conjuration                  1
   b - Blink                          Translocation                2
   c - Call Imp                       Summoning                    2
   d - Slow                           Hexes                        2
   e - Conjure Flame                  Conjuration/Fire             3
   f - Mephitic Cloud                 Conjuration/Poison/Air       3
Comestibles
 c - 6 rations


   Skills:
 + Level 1.5 Fighting
 - Level 2.2 Dodging
 - Level 3.1 Stealth
 + Level 3.5 Spellcasting
 + Level 2.3 Conjurations
 + Level 1.9 Summonings
 - Level 1.0 Translocations


You had 2 spell levels left.
You knew the following spells:

 Your Spells              Type           Power        Failure   Level  Hunger
a - Magic Dart            Conj           ##..         4%          1    None
b - Call Imp              Summ           ##......     9%          2    ##.....
c - Mephitic Cloud        Conj/Pois/Air  #.......     26%         3    ###....
d - Blink                 Tloc           N/A          13%         2    ##.....


Dungeon Overview and Level Annotations

Branches:
Dungeon (3/15)

Altars:


Innate Abilities, Weirdness & Mutations

You cannot wear most types of armour.
You are very stealthy in the water. (Stealth+)
You are amphibious.
You can wear up to eight rings at the same time.
You can use your tentacles to constrict eight enemies at once.
Your skin changes colour to match your surroundings (Stealth+).
Your rubbery body absorbs attacks. (AC +1, EV +1)


Message History

A leopard gecko, an adder, an orc and an orc wizard come into view.
The bat barely misses your iron imp. The bat barely misses your crimson imp.
The orc hits your iron imp.
The orc priest mumbles some strange prayers to Beogh against you.
Beogh smites you!
Your crimson imp barely misses the orc.
The bat misses your crimson imp. The orc barely misses your iron imp.
Your iron imp hits the bat.
The bat dies!
The orc completely misses your crimson imp.
Your crimson imp blinks!
The orc hits your iron imp but does no damage.
Your iron imp closely misses the orc.
The orc completely misses your crimson imp.
Your crimson imp barely misses the orc.
The orc wizard hits your crimson imp with a dagger.
The orc hits your iron imp.
The orc priest calls down the wrath of Beogh upon you.
Beogh smites you!
Ouch! That really hurt!
You die...

#.####.#.....P..........
#.......................
######.######.#####†#### #.#
#..# #.# ####)#######.####.#
..#####..........#......####
......)S.........+..........
.....##oo5.......##.....####
....oolo55.@.....##........#
...o..#.o........###....#...
..o.. #..........# #..#<....
.... ############ #..#.....
... #........ .. #.##.#... .
#..#.#... ##÷#.#... #.#.#...


You could see an orc priest, 2 orc wizards, an adder, 3 orcs, a leopard gecko, a
friendly iron imp and 2 friendly crimson imps.

Vanquished Creatures
  3 adders
  2 oozes
  A leopard gecko (D:1)
  5 bats (D:1)
  2 giant cockroaches
  9 goblins
  4 hobgoblins
  4 jackals (D:3)
  3 quokkas (D:3)
  4 frilled lizards
  5 kobolds
  5 rats
47 creatures vanquished.

Vanquished Creatures (collateral kills)
  Robin (D:2)
  An ooze (D:1)
  A worm (D:2)
  2 leopard geckos
  2 ball pythons (D:3)
  2 goblins (D:2)
  A hobgoblin (D:2)
  2 jackals (D:3)
  A kobold (D:3)
  A bat (D:3)
  A rat (D:3)
15 creatures vanquished.

Grand Total: 62 creatures vanquished

Notes
Turn   | Place    | Note
-------+----------+-------------------------------------------
     0 | D:1      | Principatus the Octopode Wizard began the quest for the Orb.
     0 | D:1      | Reached XP level 1. HP: 11/11 MP: 4/4
   217 | D:1      | Reached XP level 2. HP: 17/17 MP: 0/6
   630 | D:1      | Learned a level 2 spell: Call Imp
  1363 | D:1      | Reached XP level 3. HP: 11/22 MP: 1/7
  1934 | D:2      | Reached skill level 1 in Fighting
  1950 | D:2      | Noticed Robin
  2674 | D:2      | Reached XP level 4. HP: 28/28 MP: 3/9
  2893 | D:2      | Killed Robin
  3372 | D:2      | Learned a level 3 spell: Mephitic Cloud
  3375 | D:2      | Learned a level 2 spell: Blink
  3839 | D:3      | Killed from afar by an orc priest

Vault maps used:
D:1:      dpeg_arrival_tiny_c, minmay_bisected
D:2:      uniq_robin
D:3:      lemuel_castle_with_subvaults, first_ration

Skill      XL: |  1  2  3 |
---------------+----------+-----
Stealth        | 3 |  3.1
Fighting       | 1 |  1.5
Conjurations   | 2 |  2.3
Dodging        | |  2.2
Spellcasting   | |  3.5
Summonings     | |  1.9
Translocations | |  1.0

Action                   |  1- 3 |  4- 6 || total
-------------------------+-------+-------++-------
Melee: Spear             |     2 |       ||     2
       Constrict         |     1 |    10 ||    11
       Quarterstaff      |     1 |    18 ||    19
       Tentacles         |       |     4 ||     4
 Fire: Hunting sling     |     8 |       ||     8
 Cast: Magic Dart        |    64 |    42 ||   106
       Call Imp          |    10 |    13 ||    23
  Use: Scroll            |       |     5 ||     5
  Eat: Chunk             |     5 |     4 ||     9
Armor: Skin              |     4 |     7 ||    11
Dodge: Dodged            |    25 |    35 ||    60

Table legend:
 A = Spawn XP
 B = Non-spawn XP
 C = Spawn XP percentage of total XP
 D = Spawn monster count
 E = Non-spawn monster count
 F = Spawn count percentage of total count
 G = Total turns spent on level
                    A         B        C        D         E        F      G
               +---------+---------+-------+---------+---------+-------+---------
         Total |       0 |     147 |   0.0 |       0 |      62 |   0.0 |  3839
               +---------+---------+-------+---------+---------+-------+---------
           D:1 |       0 |      34 |   0.0 |       0 |      17 |   0.0 |  2080
           D:2 |       0 |      67 |   0.0 |       0 |      23 |   0.0 |  1245
           D:3 |       0 |      46 |   0.0 |       0 |      22 |   0.0 |   514
               +---------+---------+-------+---------+---------+-------+---------
